 Dungeon Crawl Stone Soup version 0.22-a0-407-gb098539 (webtiles) character file.

45 tilp the Chiller (level 3, -4/24 HPs)
             Began as a Merfolk Ice Elementalist on May 9, 2018.
             Slain by a gnoll
             ... wielding a +0 halberd
              (14 damage)
             ... on level 2 of the Dungeon.
             The game lasted 00:03:36 (1486 turns).

tilp the Chiller (Merfolk Ice Elementalist)         Turns: 1486, Time: 00:03:37

Health: -4/24      AC:  7    Str:  8    XL:     3   Next: 64%
Magic:  2/6        EV: 13    Int: 15    God:
Gold:   45         SH:  0    Dex: 14    Spells: 0/6 levels left

rFire    . . .     SeeInvis .   g - -1 dagger (curse)
rCold    . . .     Gourm    .   (no shield)
rNeg     . . .     Faith    .   a - +0 robe
rPois    .         Spirit   .   (no helmet)
rElec    .         Reflect  .   (no cloak)
rCorr    .         Harm     .   (no gloves)
MR       .....                  (no boots)
Stlth    ++........             (no amulet)
HPRegen  0.08/turn              (no ring)
MPRegen  0.10/turn              (no ring)

@: icy armour
A: change form in water, swift swim, stealthy swim
a: no special abilities


You were on level 2 of the Dungeon.
You were near starving.

You visited 1 branch of the dungeon, and saw 2 of its levels.

You collected 45 gold pieces.

Inventory:

Hand Weapons
 g - a cursed -1 dagger (weapon)
 i - a +0 vampiric short sword
Missiles
 k - 5 javelins (quivered)
 n - 5 tomahawks
Armour
 a - a +0 robe (worn)
Potions
 b - a potion of brilliance {unknown}
 f - a potion of magic {unknown}
 h - a potion of curing {unknown}
 j - a potion of degeneration {unknown}
 l - a potion of invisibility {unknown}
Comestibles
 c - a ration


   Skills:
 - Level 2.6 Dodging
 - Level 2.1 Stealth
 - Level 2.0 Spellcasting
 - Level 0.7 Conjurations
 + Level 5.0 Ice Magic


You couldn't memorise any spells.
You knew the following spells:

 Your Spells              Type           Power        Failure   Level  Hunger
a - Freeze                Ice            ###.         2%          1    #......
b - Throw Frost           Conj/Ice       ##....       11%         2    ###....
c - Ozocubu's Armour      Chrm/Ice       #.......     24%         3    ###....


Dungeon Overview and Level Annotations

Branches:
Dungeon (2/15)

Altars:


Message History

You are feeling very hungry.
You start resting.
HP restored.
Casting: Freeze (safe; 2% risk of failure)
Confirm with . or Enter, or press ? or * to list all spells.
A film of ice covers your body!
You are near starving!
You climb downwards.
The gnoll hits you with a halberd!
Ouch! That really hurt!
There is a stone staircase leading up here.
Casting: Ozocubu's Armour (safe; 24% risk of failure)
Confirm with . or Enter, or press ? or * to list all spells.
Aiming: Freeze (safe; 2% risk of failure)
Press: ? - help, Shift-Dir - straight line, f - gnoll
Aim: a gnoll, wielding a halberd You freeze the gnoll.
The gnoll is moderately wounded.
The gnoll hits you with a halberd!
Ouch! That really hurt!
You die...

###...#### #...
#.....)..# #.##
#.##.###.# #.# ##. #.#
#.# #.#
##..##.###.#######.#
##...#..............#
###.........#.#########
...........##.#
###....@g.....#
##...###.#### ##.. ..#
### ###


You could see a gnoll.

Vanquished Creatures
  2 adders (D:2)
  An ooze (D:1)
  2 leopard geckos
  3 bats
  6 goblins
  A hobgoblin (D:1)
  A quokka (D:2)
  A frilled lizard (D:1)
  3 kobolds
  A rat (D:1)
21 creatures vanquished.

Vanquished Creatures (others)
  A kobold (D:2)
1 creature vanquished.

Grand Total: 22 creatures vanquished

Notes
Turn   | Place    | Note
-------+----------+-------------------------------------------
     0 | D:1      | tilp the Merfolk Ice Elementalist began the quest for the Orb.
     0 | D:1      | Reached XP level 1. HP: 13/13 MP: 3/3
   195 | D:1      | Reached XP level 2. HP: 19/19 MP: 0/5
   205 | D:1      | Learned a level 2 spell: Throw Frost
   262 | D:1      | Reached skill level 4 in Ice Magic
   980 | D:2      | Reached XP level 3. HP: 21/24 MP: 4/6
   988 | D:2      | Learned a level 3 spell: Ozocubu's Armour
  1210 | D:2      | Reached skill level 5 in Ice Magic
  1486 | D:2      | Slain by a gnoll

Vault maps used:
D:1:      minmay_arrival_split_and_join
D:2:      grunt_temple_overflow_holy_war

Skill      XL: |  1  2  3 |
---------------+----------+-----
Ice Magic      | 4 5 |  5.0
Dodging        | |  2.6
Stealth        | |  2.1
Spellcasting   | |  2.0
Conjurations   | |  0.7

Action                   || total
-------------------------++-------
Melee: Short sword       ||     3
       Dagger            ||    32
 Cast: Freeze            ||    25
       Throw Frost       ||     2
       Ozocubu's Armour  ||     2
  Use: Scroll            ||     2
 Stab: Sleeping          ||     5
  Eat: Chunk             ||     1
Armor: Robe              ||    10
Dodge: Dodged            ||    43

Table legend:
 A = Spawn XP
 B = Non-spawn XP
 C = Spawn XP percentage of total XP
 D = Spawn monster count
 E = Non-spawn monster count
 F = Spawn count percentage of total count
 G = Total turns spent on level
                    A         B        C        D         E        F      G
               +---------+---------+-------+---------+---------+-------+---------
         Total |       0 |      65 |   0.0 |       0 |      21 |   0.0 |  1486
               +---------+---------+-------+---------+---------+-------+---------
           D:1 |       0 |      27 |   0.0 |       0 |      13 |   0.0 |  1086
           D:2 |       0 |      38 |   0.0 |       0 |       8 |   0.0 |   400
               +---------+---------+-------+---------+---------+-------+---------
